 Dungeon Sprint DCSS version 0.22-a0-40-g3d2f077 (webtiles) character file.

48764 Faca the Swordmaster (level 14, -12/154 HPs)
             Began as a Minotaur Berserker on Jan 5, 2018.
             Was the Champion of Trog.
             Killed from afar by an orb of fire (79 damage)
             ... with a fireball
             ... in the Dungeon (Sprint IX: "|||||||||||||||||||||||||||||").
             The game lasted 00:20:28 (5509 turns).

Faca the Swordmaster (Minotaur Berserker)           Turns: 5509, Time: 00:20:28

Health: -12/154    AC: 28    Str: 24    XL:     14   Next: 13%
Magic:  13/13      EV: 18    Int:  7    God:    Trog [******]
Gold:   1351       SH:  0    Dex: 13    Spells: 13/13 levels left

rFire    . . .     SeeInvis .   a - +4 great sword (elec)
rCold    . . .     Gourm    .   (shield currently unavailable)
rNeg     . . .     Faith    .   x - +2 plate armour
rPois    .         Spirit   .   (helmet restricted)
rElec    .         Reflect  .   w - +2 cloak
rCorr    .         Harm     .   o - +2 pair of gloves
MR       +....     NoTele   +   (no boots)
Stlth    ..........             (no amulet)
HPRegen  0.35/turn              r - +3 ring of intelligence
MPRegen  0.13/turn              q - +2 ring of evasion

@: no status effects
A: retaliatory headbutt, horns 2, blurry vision 1
a: Berserk, Trog's Hand, Brothers in Arms, Burn Spellbooks, Renounce Religion


You were in the Dungeon.
You worshipped Trog.
Trog was exalted by your worship.
You were hungry.

You visited 1 branch You collected 1911 gold pieces.
You spent 560 gold pieces at shops.

Inventory:

Hand Weapons
 a - a +4 great sword of electrocution (weapon)
 b - a +4 antimagic triple sword
 m - a +2 rapier of electrocution
 y - a +2 vampiric triple sword
 B - the +3 great sword "Weemel" {chaos, rF+}
   (Trog gifted it to you in the Dungeon)

   Each time it hits an enemy it has a different, random effect.
   It protects you from fire.
Armour
 o - a +2 pair of gloves (worn)
 w - a +2 cloak (worn)
 x - a +2 plate armour (worn)
Jewellery
 p - an uncursed ring of protection from fire
 q - a +2 ring of evasion (right hand)
 r - a +3 ring of intelligence (left hand)
 z - an uncursed ring of poison resistance
 A - an uncursed ring of protection from cold
Wands
 l - a wand of acid (10)
Scrolls
 i - 6 scrolls of blinking
 k - 2 scrolls of remove curse
 u - 4 scrolls of fear
Potions
 d - 9 potions of curing
 e - 4 potions of heal wounds
 f - 3 potions of haste
 g - 4 potions of magic
 h - a potion of berserk rage
 j - a potion of invisibility
 n - 2 potions of agility
 s - a potion of brilliance
 t - a potion of mutation
 v - 2 potions of resistance
Comestibles
 c - 8 rations
 C - 6 chunks of flesh


   Skills:
 + Level 22.0 Fighting
 O Level 27 Long Blades
 + Level 19.1 Armour
 + Level 16.4 Dodging


You had 13 spell levels left.
You didn't know any spells.

Dungeon Overview and Level Annotations

Branches:
Dungeon (1/1)

Altars:
Cheibriados
Dithmenos
Elyvilon
Fedhas
Gozag
Hepliaklqana
Kikubaaqudgha
Makhleb
Nemelex Xobeh
Okawaru
Qazlal
Ru
Sif Muna
Trog
Uskayaw
Vehumet
Wu Jian
Xom
Yredelemnul
Zin
The Shining One
Beogh
Jiyva
Lugonu

Shops:
D :}!!


Innate Abilities, Weirdness & Mutations

You reflexively headbutt those who attack you in melee.
You have a pair of horns on your head.
Scrolls take you a little longer to read.


Message History

An orb of fire and a vault guard come into view.
The vault guard is wielding a bardiche of pain.
Your stone giant disappears in a puff of smoke!
There is an open door to the Dungeon, spattered with blood here.
Things that are here:
a battleaxe; a ring mail
Things that are here:
+0 ice dragon scales; an antimagic long sword; a robe The orb of fire glows bright magenta.
Strange energies course through your body.
Your vision blurs.
You see here a glowing great sword {god gift}.
Your cyclops goes berserk!
You are feeling hungry.
You swap places.
The orb of fire emits a lurid red light.
The fireball explodes!
The fireball engulfs your cyclops. The fireball engulfs you!
Ouch! That really hurt!
You die...

)▓.▓.▓.▓)▓.▓.▓.▓)▓
÷▓.▓.▓.▓)▓.▓.▓.▓c▓
.▓.▓.▓.▓)▓.▓.▓.▓.▓
.▓.▓.▓.▓)▓.▓.▓)▓.▓
.▓.▓.▓.▓)▓.▓.▓.▓p▓
.▓.▓.▓.▓)▓.▓.▓.▓*▓
.▓.▓.▓.▓)▓.▓)▓.▓[▓
.▓.▓.▓.▓)▓.▓)▓.▓C▓
.▓.▓[▓.▓.▓.▓)▓.▓@▓
[▓.▓[▓.▓=▓.▓)▓.▓.▓
.▓.▓.▓.▓.▓.▓.▓.▓.▓
.▓.▓.▓.▓.▓.▓.▓.▓.▓
.▓.▓.▓.▓.▓.▓.▓.▓÷▓
.▓.▓.▓.▓'▓.▓.▓.▓.▓
.▓.▓.▓.▓.▓.▓.▓.▓.▓
'▓.▓)▓.▓.▓.▓.▓.▓.▓
.▓.▓)▓.▓.▓.▓.▓.▓.▓


You could see an orb of fire, a yaktaur captain, a vault guard and a friendly
cyclops (berserk).

Vanquished Creatures
  Frances (D)
  A fire giant (D)
  An entropy weaver (D)
  A very ugly thing (D)
  A stone giant (D)
  A fire dragon (D)
  Josephine (D)
  A yaktaur captain (D)
  A rakshasa (D)
  A hydra (D)
  4 ice dragons (D)
  An ogre mage (D)
  Erica (D)
  A ghost crab (D)
  2 tengu warriors (D)
  A two-headed ogre (D)
  A deep troll earth mage (D)
  A deep troll shaman (D)
  3 alligators (D)
  An orc high priest (D)
  Nergalle (D)
  A shock serpent (D)
  A wizard (D)
  A lindwurm (D)
  A glowing orange brain (D)
  A naga ritualist (D)
  2 ironbrand convokers (D)
  5 orc knights (D)
  2 wolf spiders (D)
  A necromancer (D)
  A harpy (shapeshifter) (D)
  An orc sorcerer (D)
  An ugly thing (D)
  A mana viper (D)
  A manticore (D)
  3 naga magi (D)
  A water nymph (D)
  Psyche (D)
  3 black mambas (D)
  A guardian serpent (D)
  Joseph (D)
  A torpor snail (D)
  2 spiny frogs (D)
  4 komodo dragons (D)
  A tengu conjurer (D)
  A demonic crawler (D)
  A merfolk (D)
  A queen bee (shapeshifter) (D)
  A hornet (D)
  2 tyrant leeches (D)
  2 bog bodies (D)
  A blink frog (D)
  2 slime creatures (D)
  5 hippogriffs (D)
  A shadow (D)
  2 redbacks (D)
  5 wraiths (D)
  2 tarantellas (D)
  2 hogs (D)
  A hungry ghost (D)
  4 vampire mosquitoes (D)
  2 acid dragons (D)
  3 water moccasins (D)
  A porcupine (D)
  21 orc warriors (D)
  A sky beast (D)
  An ogre (D)
  A centaur (D)
  3 bullfrogs (D)
  A killer bee (D)
  4 hounds (D)
  A jelly (D)
  4 orc priests (D)
  An iguana (D)
  2 orc wizards (D)
  A worker ant (D)
  A leopard gecko (D)
  7 orcs (D)
  A bat skeleton (D)
  A giant cockroach (D)
  A goblin (D)
  A hobgoblin (D)
  2 kobolds (D)
  A rat (D)
160 creatures vanquished.

Vanquished Creatures (collateral kills)
  A quicksilver dragon (shapeshifter) (D)
  Kirke (D)
  A stone giant (D)
  A fire dragon (D)
  A merfolk impaler (D)
  An ice dragon (D)
  A yaktaur captain (D)
  A centaur warrior (D)
  A satyr (D)
  A deep troll earth mage (D)
  A shadow wraith (D)
  An ironbrand convoker (D)
  A wizard (D)
  A harpy (D)
  A cyclops (D)
  A manticore (D)
  A vault sentinel (D)
  A freezing wraith (D)
  A merfolk (D)
  A leopard gecko simulacrum (D)
20 creatures vanquished.

Vanquished Creatures (others)
  A spriggan (D)
1 creature vanquished.

Grand Total: 181 creatures vanquished

Notes
Turn   | Place    | Note
-------+----------+-------------------------------------------
     0 | D        | Faca the Minotaur Berserker began the quest for the Orb.
     0 | D        | Reached XP level 1. HP: 19/19 MP: 0/0
     6 | D        | Reached skill level 4 in Long Blades
    14 | D        | Reached ** piety under Trog
   245 | D        | Noticed a hound
   245 | D        | Noticed a jelly
   245 | D        | Noticed a sky beast
   247 | D        | Killed a sky beast
   247 | D        | Reached skill level 7 in Long Blades
   247 | D        | Reached XP level 2. HP: 34/34 MP: 1/1
   247 | D        | Reached XP level 3. HP: 39/39 MP: 2/2
   247 | D        | Reached XP level 4. HP: 47/47 MP: 3/3
   249 | D        | Reached *** piety under Trog
   249 | D        | Reached skill level 8 in Long Blades
   251 | D        | Reached XP level 5. HP: 55/55 MP: 4/4
   264 | D        | Found a roughly hewn altar of Beogh.
   264 | D        | Found a snail-covered altar of Cheibriados.
   264 | D        | Found a shadowy altar of Dithmenos.
   264 | D        | Found a white marble altar of Elyvilon.
   264 | D        | Found a blossoming altar of Fedhas.
   264 | D        | Found an opulent altar of Gozag.
   265 | D        | Found a hazy altar of Hepliaklqana.
   268 | D        | Found a viscous altar of Jiyva.
   269 | D        | Found an ancient bone altar of Kikubaaqudgha.
   270 | D        | Found a corrupted altar of Lugonu.
   271 | D        | Found a burning altar of Makhleb.
   272 | D        | Found a sparkling altar of Nemelex Xobeh.
   273 | D        | Found an iron altar of Okawaru.
   274 | D        | Found a stormy altar of Qazlal.
   275 | D        | Found a sacrificial altar of Ru.
   276 | D        | Found a deep blue altar of Sif Muna.
   277 | D        | Found a bloodstained altar of Trog.
   278 | D        | Found a hide-covered altar of Uskayaw.
   279 | D        | Found a radiant altar of Vehumet.
   280 | D        | Found an ornate altar of the Wu Jian Council.
   281 | D        | Found a shimmering altar of Xom.
   282 | D        | Found a basalt altar of Yredelemnul.
   283 | D        | Found a glowing silver altar of Zin.
   284 | D        | Found a glowing golden altar of the Shining One.
   331 | D        | Noticed an ogre
   331 | D        | Noticed an orc warrior
   331 | D        | Reached **** piety under Trog
   331 | D        | Reached skill level 9 in Long Blades
   341 | D        | Killed an orc warrior
   341 | D        | Reached skill level 10 in Long Blades
   341 | D        | Reached skill level 5 in Armour
   341 | D        | Reached skill level 5 in Dodging
   341 | D        | Reached XP level 6. HP: 54/66 MP: 5/5
   347 | D        | Reached skill level 10 in Fighting
   347 | D        | Reached skill level 11 in Long Blades
   350 | D        | Reached ***** piety under Trog
   548 | D        | Noticed a harpy
   548 | D        | Noticed a two-headed ogre
   548 | D        | Noticed an orc warrior
   553 | D        | Killed a two-headed ogre
   553 | D        | Reached skill level 13 in Long Blades
   553 | D        | Reached XP level 7. HP: 77/77 MP: 6/6
   553 | D        | Reached XP level 8. HP: 83/83 MP: 7/7
   559 | D        | Received a gift from Trog
   559 | D        | Reached skill level 14 in Long Blades
   563 | D        | Killed a harpy
   563 | D        | Reached skill level 15 in Long Blades
   565 | D        | Received a gift from Trog
   754 | D        | Noticed a hippogriff
   754 | D        | Noticed a hippogriff
   754 | D        | Noticed a hippogriff
   754 | D        | Noticed a komodo dragon
   754 | D        | Noticed a komodo dragon
   757 | D        | Killed a komodo dragon
   757 | D        | Received a gift from Trog
   757 | D        | Reached XP level 9. HP: 93/93 MP: 8/8
   761 | D        | Noticed a komodo dragon
   761 | D        | Killed a komodo dragon
   761 | D        | Reached skill level 16 in Long Blades
   774 | D        | Killed a komodo dragon
   774 | D        | Reached skill level 17 in Long Blades
   777 | D        | Received a gift from Trog
   777 | D        | Reached skill level 10 in Armour
   919 | D        | Noticed a lindwurm
   919 | D        | Noticed a komodo dragon
   922 | D        | Killed a komodo dragon
   927 | D        | Reached XP level 10. HP: 84/104 MP: 3/9
   929 | D        | Noticed a black mamba
   931 | D        | Killed a lindwurm
   931 | D        | Reached ****** piety under Trog
   931 | D        | Reached skill level 18 in Long Blades
   931 | D        | Reached skill level 10 in Dodging
   932 | D        | Received a gift from Trog
   937 | D        | Killed a black mamba
  1006 | D        | Noticed a spiny frog
  1006 | D        | Noticed a spiny frog
  1007 | D        | Killed a spiny frog
  1007 | D        | Reached skill level 15 in Fighting
  1007 | D        | Reached skill level 19 in Long Blades
  1019 | D        | Killed a spiny frog
  1022 | D        | Received a gift from Trog
  1101 | D        | Noticed Josephine
  1112 | D        | Killed Josephine
  1112 | D        | Reached skill level 20 in Long Blades
  1130 | D        | Reached XP level 11. HP: 67/114 MP: 10/10
  1132 | D        | Received a gift from Trog
  1332 | D        | Noticed Joseph
  1333 | D        | Noticed Erica
  1343 | D        | Killed Erica
  1348 | D        | Killed Joseph
  1506 | D        | Received a gift from Trog
  1509 | D        | Reached skill level 21 in Long Blades
  1516 | D        | Received a gift from Trog
  1623 | D        | Received a gift from Trog
  1630 | D        | Noticed an orc knight
  1632 | D        | Noticed an orc sorcerer
  1637 | D        | Noticed an orc high priest
  1645 | D        | Killed an orc knight
  1652 | D        | Killed an orc sorcerer
  1653 | D        | Received a gift from Trog
  1660 | D        | Killed an orc high priest
  1908 | D        | Found Nehelaf's Distillery.
  1908 | D        | Noticed an orc knight
  1908 | D        | Noticed an orc knight
  1915 | D        | Killed an orc knight
  1915 | D        | Received a gift from Trog
  1926 | D        | Killed an orc knight
  1926 | D        | Reached skill level 22 in Long Blades
  1937 | D        | Received a gift from Trog
  2272 | D        | Found Egynaw's Distillery.
  2276 | D        | Found Qoeb's Gadget Boutique.
  2279 | D        | Found Loteot's Book Shop.
  2280 | D        | Noticed an orc knight
  2291 | D        | Killed an orc knight
  2292 | D        | Noticed an orc knight
  2306 | D        | Killed an orc knight
  2570 | D        | Bought a potion of heal wounds for 65 gold pieces
  2570 | D        | Bought a potion of heal wounds for 65 gold pieces
  2570 | D        | Bought a potion of heal wounds for 65 gold pieces
  2570 | D        | Bought a potion of heal wounds for 65 gold pieces
  2572 | D        | Bought a potion of heal wounds for 60 gold pieces
  2572 | D        | Bought a potion of heal wounds for 60 gold pieces
  2572 | D        | Bought a potion of heal wounds for 60 gold pieces
  2572 | D        | Bought a potion of heal wounds for 60 gold pieces
  2572 | D        | Bought a potion of heal wounds for 60 gold pieces
  2734 | D        | Noticed a fire dragon
  2737 | D        | Received a gift from Trog
  2744 | D        | Noticed a centaur warrior
  2746 | D        | Killed a fire dragon
  2749 | D        | Noticed a storm dragon
  2752 | D        | Noticed an ice dragon
  2752 | D        | Noticed a dire elephant
  2752 | D        | a storm dragon changed into a dire elephant
  2755 | D        | Reached XP level 12. HP: 81/128 MP: 11/11
  2759 | D        | Noticed a deep troll earth mage
  2759 | D        | Noticed a quicksilver dragon
  2759 | D        | a dire elephant changed into a quicksilver dragon
  2760 | D        | Killed a centaur warrior
  2762 | D        | Killed a quicksilver dragon
  2763 | D        | Noticed a stone giant
  2768 | D        | Killed an ice dragon
  2768 | D        | Received a gift from Trog
  2768 | D        | Reached skill level 23 in Long Blades
  2769 | D        | Killed a deep troll earth mage
  2771 | D        | Killed a stone giant
  2989 | D        | Noticed Psyche
  2995 | D        | Killed Psyche
  2995 | D        | Received a gift from Trog
  3015 | D        | Noticed Kirke
  3033 | D        | Reached skill level 15 in Armour
  3057 | D        | HP: 2/130 [something (7)]
  3061 | D        | Killed Kirke
  3569 | D        | Received a gift from Trog
  3586 | D        | Received a gift from Trog
  3588 | D        | Reached skill level 24 in Long Blades
  4031 | D        | Noticed a satyr
  4038 | D        | Received a gift from Trog
  4039 | D        | Noticed a merfolk impaler
  4057 | D        | Killed a satyr
  4062 | D        | Received a gift from Trog
  4069 | D        | Killed a merfolk impaler
  4328 | D        | Noticed an alligator
  4328 | D        | Noticed a ghost crab
  4328 | D        | Noticed a six-headed hydra
  4336 | D        | Killed an eight-headed hydra
  4340 | D        | Killed a ghost crab
  4340 | D        | Reached XP level 13. HP: 122/139 MP: 12/12
  4345 | D        | Received a gift from Trog
  4481 | D        | Noticed an entropy weaver
  4485 | D        | Reached skill level 25 in Long Blades
  4486 | D        | Received a gift from Trog
  4497 | D        | Killed an entropy weaver
  4504 | D        | Got a crude great sword {god gift}
  4758 | D        | Identified the +3 great sword "Weemel" {chaos, rF+} (Trog gifted it to you in the Dungeon)
  4895 | D        | Noticed Nergalle
  4904 | D        | Killed Nergalle
  4904 | D        | Received a gift from Trog
  4925 | D        | Noticed Frances
  4933 | D        | Killed Frances
  4987 | D        | Received a gift from Trog
  4991 | D        | Reached skill level 26 in Long Blades
  5019 | D        | Received a gift from Trog
  5023 | D        | Reached skill level 15 in Dodging
  5088 | D        | Noticed a fire giant
  5095 | D        | Killed a fire giant
  5214 | D        | Received a gift from Trog
  5246 | D        | Noticed a stone giant
  5247 | D        | Noticed a purple very ugly thing
  5257 | D        | Killed a stone giant
  5262 | D        | Killed a purple very ugly thing
  5262 | D        | Reached skill level 27 in Long Blades
  5262 | D        | Reached XP level 14. HP: 87/151 MP: 13/13
  5453 | D        | Received a gift from Trog
  5469 | D        | Received a gift from Trog
  5504 | D        | Received a gift from Trog
  5505 | D        | Noticed an orb of fire
  5507 | D        | Gained mutation: Scrolls take you a little longer to read. [an orb of fire]
  5509 | D        | Killed from afar by an orb of fire

Vault maps used:
D:        linesprint

Skill      XL: |  1  2  3  4  5  6  7  8  9 10 11 12 13 14 |
---------------+-------------------------------------------+-----
Fighting       | 7 8 9 12 13 14 16 18 19 21 22 | 22.0
Long Blades    | 7 8 10 13 15 17 20 22 24 27 | 27.0
Armour         | 3 4 5 7 8 10 12 14 16 18 19 | 19.1
Dodging        | 4 5 7 8 9 10 11 13 15 16 | 16.4

Action                   |  1- 3 |  4- 6 |  7- 9 | 10-12 | 13-15 || total
-------------------------+-------+-------+-------+-------+-------++-------
Melee: Falchion          |    16 |    10 |       |       |       ||    26
       Headbutt          |     2 |     5 |    11 |    50 |    27 ||    95
       Scimitar          |       |    23 |    14 |       |       ||    37
       Great sword       |       |       |    31 |   236 |   131 ||   398
       Unarmed           |       |       |       |    16 |       ||    16
Invok: Berserk           |     1 |     1 |       |     2 |       ||     4
       Burn Spellbooks   |       |       |     1 |       |       ||     1
       Brothers in Arms  |       |       |       |     4 |     2 ||     6
  Use: Scroll            |       |       |     2 |     4 |       ||     6
       Potion            |       |       |       |     6 |     6 ||    12
  Eat: Chunk             |       |       |     2 |     4 |     4 ||    10
       Ration            |       |       |       |     3 |       ||     3
Armor: Animal skin       |     5 |       |       |       |       ||     5
       Chain mail        |       |     4 |    11 |    35 |       ||    50
       Plate armour      |       |       |       |    42 |    58 ||   100
Dodge: Dodged            |     2 |    12 |    18 |   128 |    67 ||   227
       Rpst.: Scimitar   |       |     4 |       |       |       ||     4
       Great sword       |       |       |     5 |    31 |    10 ||    46

Table legend:
 A = Spawn XP
 B = Non-spawn XP
 C = Spawn XP percentage of total XP
 D = Spawn monster count
 E = Non-spawn monster count
 F = Spawn count percentage of total count
 G = Total turns spent on level
                    A         B        C        D         E        F      G
               +---------+---------+-------+---------+---------+-------+---------
         Total |       0 |   69663 |   0.0 |       0 |     180 |   0.0 |  5509
               +---------+---------+-------+---------+---------+-------+---------
             D |       0 |   69663 |   0.0 |       0 |     180 |   0.0 |  5509
               +---------+---------+-------+---------+---------+-------+---------
